 Dungeon Crawl Stone Soup version 0.25-a0-339-gb37b713d4c (webtiles) character file.

Game seed: 5651874088824736010, levelgen mode: deterministic

30 roguesci the Ruffian (level 3, -2/31 HPs)
             Began as a Naga Transmuter on Dec 28, 2019.
             Slain by an adder (3 damage)
             ... on level 2 of the Dungeon.
             The game lasted 00:03:49 (823 turns).

roguesci the Ruffian (Naga Transmuter)               Turns: 823, Time: 00:03:50

Health: -2/31      AC:  5    Str: 13    XL:     3   Next: 20%
Magic:  1/6        EV: 10    Int: 13    God:
Gold:   48         SH:  0    Dex: 11    Spells: 2/6 levels left

rFire    . . .     SeeInvis +     - Unarmed
rCold    . . .     Gourm    .   (no shield)
rNeg     . . .     Faith    .   b - +0 robe
rPois    +         Spirit   .   (no helmet)
rElec    .         Reflect  .   (no cloak)
rCorr    .         Harm     .   c - +2 pair of gloves
MR       .....                  (no barding)
Stlth    ++........             (no amulet)
HPRegen  0.10/turn              (no ring)
MPRegen  0.10/turn              (no ring)

@: lethally poisoned (-2 -> -4), very slightly contaminated, very slow
A: large, camouflage 1, see invisible, blink, deformed body, poison resistance,
slowness 2, slow metabolism 1, spit poison 1, AC +1
a: Spit Poison, Blink


You were on level 2 of the Dungeon.
You were hungry.

You visited 1 branch of the dungeon, and saw 2 of its levels.

You collected 48 gold pieces.

Inventory:

Missiles
 a - 12 arrows
 e - 3 stones (quivered)
Armour
 b - a +0 robe (worn)
 c - a +2 pair of gloves (worn)
Scrolls
 h - a scroll of amnesia {unknown}
 i - a scroll of blinking {unknown}
 k - a scroll of teleportation {unknown}
Comestibles
 d - 3 rations


   Skills:
 + Level 1.3 Fighting
 + Level 0.6 Armour
 * Level 2.0 Dodging
 * Level 3.3 Unarmed Combat
 + Level 2.1 Spellcasting
 * Level 2.2 Transmutations
 + Level 0.0 Poison Magic


You had 2 spell levels left.
You knew the following spells:

 Your Spells              Type           Power        Failure   Level  Hunger
a - Beastly Appendage     Tmut           #.....       10%         1    ##.....
b - Spider Form           Tmut/Pois      #.........   43%         3    ####...

Your spell library contained the following spells:

 Spells                   Type           Power        Failure   Level  Hunger
 Sticks to Snakes         Tmut           #.......     16%         2    ###....
 Ice Form                 Ice/Tmut       #.......     85%         4    #####..
 Blade Hands              Tmut           #.........   95%         5    ######.


Dungeon Overview and Level Annotations

Branches:
Dungeon (2/15)

Altars:


Innate Abilities, Weirdness & Mutations

You cannot wear boots.
Your serpentine skin is tough. (AC +1)
You have supernaturally acute eyesight. (SInv)
Armour fits poorly on your strangely shaped body.
Your system is resistant to poisons. (rPois)
You cover ground very slowly.
You have a slow metabolism.
You can spit poison.
Your skin changes colour to match your surroundings (Stealth+).
You can translocate small distances at will.


Message History

You feel sick. The adder barely misses you.
You blink.
You feel slightly more hungry.
You are feeling hungry.
You blink.
You feel slightly more hungry.
You feel sick. The adder bites you but does no damage.
You blink.
You feel slightly more hungry.
You blink.
You feel slightly more hungry.
You blink.
You feel slightly more hungry. The worm bites you!
* * * LOW HITPOINT WARNING * * *
You don't have enough health at the moment.
You don't have enough health at the moment.
You barely miss the adder. Your headbutt misses the adder.
Your horns disappear.
* * * LOW HITPOINT WARNING * * *
You feel sick. The adder bites you but does no damage.
The adder barely misses you.
You hit the adder.
The adder is lightly wounded.
The worm completely misses you. The adder bites you.
You die...

...# #..# ##+## ##..#
##...## #...# ##.....## #
#.#.## ##.......## . #.
#....####..§......# ..
#.###.......†.........+.#
#........####..w........#
###.#.#..# ##@S...§.#..#
#...##.# ##.....##
#..###.# ##...## #..# #.#
##+## #..###.# #.<....#
##.##### #.# #.#


You could see a worm and an adder.

Vanquished Creatures
  A dart slug (D:1)
  A leopard gecko (D:1)
  2 giant cockroaches (D:1)
  5 goblins (D:1)
  2 hobgoblins (D:1)
  2 jackals (D:2)
  5 bats
  2 frilled lizards (D:1)
  2 kobolds (D:1)
  3 rats (D:1)
25 creatures vanquished.

Notes
Turn   | Place    | Note
-------+----------+-------------------------------------------
     0 | D:1      | roguesci the Naga Transmuter began the quest for the Orb.
     0 | D:1      | Reached XP level 1. HP: 18/18 MP: 3/3
   144 | D:1      | Reached XP level 2. HP: 24/25 MP: 3/5
   445 | D:1      | Reached XP level 3. HP: 25/31 MP: 6/6
   456 | D:1      | Learned a level 3 spell: Spider Form
   816 | D:2      | Gained mutation: Your skin changes colour to match your
                  | surroundings (Stealth+). [potion of mutation]
   816 | D:2      | Gained mutation: You can translocate small distances at
                  | will. [potion of mutation]
   822 | D:2      | HP: 1/31 [poisoned by an adder]
   823 | D:2      | Slain by an adder

Levels and vault maps discovered:
D:1:      nicolae_arrival_memento_mori, layout_basic
D:2:      layout_loops_corners, lemuel_doored_altar, first_ration

Skill      XL: |  1  2 |
---------------+-------+-----
Dodging        | 2 |  2.0
Fighting       | |  1.3
Armour         | |  0.6
Unarmed Combat | |  3.3
Spellcasting   | |  2.1
Transmutations | |  2.2

Action                   || total
-------------------------++-------
Melee: Unarmed           ||   100
       Headbutt          ||     6
 Cast: Beastly Appendage ||    14
 Abil: Spit Poison       ||     4
       Blink             ||     5
  Use: Potion            ||     2
Armor: Robe              ||    58
Dodge: Dodged            ||    79

Table legend:
 A = Non-vault XP
 B = Vault XP
 C = Vault XP percentage of total XP
 D = Non-vault monster count
 E = Vault monster count
 F = Vault count percentage of total count
                 A         B        C        D         E       F
            +---------+---------+-------+---------+---------+-------
      Total |      44 |       0 |   0.0 |      25 |       0 |   0.0
            +---------+---------+-------+---------+---------+-------
        D:1 |      39 |       0 |   0.0 |      22 |       0 |   0.0
        D:2 |       5 |       0 |   0.0 |       3 |       0 |   0.0
            +---------+---------+-------+---------+---------+-------
